 Dungeon Crawl Stone Soup version 0.30-a0-777-ga9a30cbeda (webtiles) character file.

Game seed: 17496163020637718019

70 themarg the Stinger (level 4, -3/27 HPs)
             Began as an Octopode Venom Mage on Feb 14, 2023.
             Slain by a black bear (4 damage)
             ... on level 2 of the Dungeon.
             The game lasted 00:07:35 (2075 turns).

themarg the Stinger (Octopode Venom Mage)           Turns: 2075, Time: 00:07:36

Health: -3/27      AC:  1    Str:  7    XL:     4   Next: 22%
Magic:  2/8        EV: 13    Int: 19    God:
Gold:   98         SH:  0    Dex: 12    Spells: 2/8 levels left

rFire   . . .      SeeInvis .    c - +0 short sword
rCold   . . .      Faith    .    (no shield)
rNeg    . . .      Spirit   .    (helmet restricted)
rPois   .          Reflect  .    (no amulet)
rElec   .          Harm     .    o - ring of wizardry
rCorr   .          Rampage  .    (no ring)
Will    .....                    (no ring)
Stlth   +++                      (no ring)
HPRegen 0.24/turn                (no ring)
MPRegen 0.11/turn                (no ring)
                                 (no ring)
                                 (no ring)

@: no status effects
A: almost no armour, amphibious, 8 rings, camouflage 1, gelatinous body 1,
(nimble swimmer 1), tentacles
a: no special abilities


You were on level 2 of the Dungeon.
You visited 1 branch of the dungeon, and saw 2 of its levels.

You collected 98 gold pieces.

Inventory:

Hand Weapons
 c - a +0 short sword (weapon)
Missiles
 g - 6 stones (quivered)
 m - a throwing net
Jewellery
 o - a ring of wizardry (left tentacle)
Scrolls
 e - 2 scrolls of fear {unknown}
 f - a scroll of vulnerability {unknown}
 h - a scroll of enchant weapon {unknown}
 i - 4 scrolls of identify {unknown}
 j - a scroll of teleportation {unknown}
 n - a scroll of enchant armour {unknown}
Potions
 a - 2 potions of magic
 b - 3 potions of curing {unknown}
 d - a potion of resistance {unknown}
 k - a potion of cancellation {unknown}
 l - a potion of mutation {unknown}


   Skills:
 - Level 2.0 Dodging
 - Level 3.0 Stealth
 + Level 2.8 Spellcasting
 * Level 1.1 Conjurations
 - Level 1.0 Transmutations
 - Level 2.0 Air Magic
 - Level 4.0 Poison Magic


You had 2 spell levels left.
You knew the following spells:

 Your Spells              Type           Power      Damage    Failure   Level
a - Sting                 Tmut/Pois      48%        1d5       2%          1
b - Poisonous Vapours     Pois/Air       28%        N/A       2%          2
c - Mephitic Cloud        Conj/Pois/Air  11%        N/A       7%          3

Your spell library contained the following spells:

 Spells                   Type           Power      Damage    Failure   Level
 Olgreb's Toxic Radiance  Pois           17%        N/A       12%         4


Dungeon Overview and Level Annotations

Branches:
Dungeon (2/15)

Altars:

Annotations:
D:1 exclusion: worm


Innate Abilities, Weirdness & Mutations

You cannot wear most types of armour.
You are amphibious.
You can wear up to eight rings at the same time.
Your skin changes colour to match your surroundings (Stealth+).
Your rubbery body absorbs attacks. (AC +1, EV +1)
((You are camouflaged when in or above water. (Stealth+)))
You have tentacles for arms and can constrict up to eight enemies at once.


Message History

Aiming: Mephitic Cloud (quite dangerous; 7% risk of failure)
Press: ? - help, Shift-Dir - straight line, f - black bear
Aim: a black bear (asleep, chance to affect: 72%)
The ball explodes into a vile cloud!
The stinking cloud engulfs the black bear but does no damage.
The black bear growls angrily.
The black bear is engulfed in noxious fumes.
The black bear appears confused.
Aiming: Poisonous Vapours (safe; 2% risk of failure)
Press: ? - help, Dir - move target, f/p - black bear
Aim: a black bear (confused) Poisonous vapours surround the black bear!
The black bear is poisoned.
Aiming: Poisonous Vapours (safe; 2% risk of failure)
Press: ? - help, Dir - move target, f/p - black bear
Aim: a black bear (confused, poisoned) Poisonous vapours surround the black bear!
The black bear looks even sicker.
You hit the black bear. You grab the black bear. You squeeze the black bear.
The black bear is moderately wounded.
You constrict the black bear.
The black bear escapes!
You catch the helpless black bear completely off-guard!
You hit the black bear. Your grab misses the black bear.
The black bear is heavily wounded.
The black bear bites you! The black bear misses you.
The black bear claws you but does no damage.
You barely miss the black bear. You grab the black bear.
The black bear is severely wounded.
You constrict the black bear, but do no damage.
The black bear seems less confused.
The black bear goes berserk!
You hit the black bear.
You squeeze the black bear, but do no damage.
The black bear is almost dead.
You constrict the black bear. The black bear bites you!
The black bear claws you.
* * * LOW HITPOINT WARNING * * *
The black bear claws you!
* * * LOW HITPOINT WARNING * * *
The black bear closely misses you. The black bear claws you.
You die...

#.###### #..# #.# #. #.#
#..## #.## ##. #.#
#...########..###.. #.#
#.#......^.†......# #.#
#†#..########.###.. #.#
#.#..# #.# ##. #.# #.#..# #.#
#. #.###########.#..# #.# #.
#.............@..# #.# #.
###.##########.h.# ##.## #.
#.# #.....#####...###. #.#
#...#............. #.#
###########...#### ##.##
#........##
####...#############.#####..#
..................##.#####..#
####...##########..)........#


You could see a black bear (berserk, poisoned).

Vanquished Creatures
  An adder (D:2)
  A dart slug (D:1)
  An orc (D:2)
  8 ball pythons
  10 bats
  3 endoplasms (D:2)
  A giant cockroach (D:1)
  7 goblins
  4 hobgoblins
  4 jackals (D:1)
  2 quokkas (D:2)
  3 frilled lizards
  4 kobolds (D:1)
  3 rats
52 creatures vanquished.

Notes
Turn   | Place    | Note
-------+----------+-------------------------------------------
     0 | D:1      | themarg the Octopode Venom Mage began the quest for the
                  | Orb.
     0 | D:1      | Reached XP level 1. HP: 11/11 MP: 3/3
   224 | D:1      | Reached XP level 2. HP: 17/17 MP: 1/5
   227 | D:1      | Learned a level 2 spell: Poisonous Vapours
   547 | D:1      | Reached skill level 1 in Air Magic
   581 | D:1      | Reached skill level 4 in Poison Magic
   619 | D:1      | Reached XP level 3. HP: 20/21 MP: 1/6
   839 | D:1      | You fall into a shaft and drop 1 floor!
  1493 | D:2      | Noticed a black bear
  1499 | D:2      | Learned a level 3 spell: Mephitic Cloud
  1727 | D:2      | Reached XP level 4. HP: 27/27 MP: 6/8
  1959 | D:2      | Reached skill level 1 in Conjurations
  2075 | D:2      | HP: 1/27 [black bear (7)]
  2075 | D:2      | Slain by a black bear

Illustrated notes

Levels and vault maps discovered:
D:1:      onia_arrival_mini_maze_b, layout_basic
D:2:      layout_loops_ring

Skill      XL: |  1  2  3  4 |
---------------+-------------+-----
Stealth        | 3 |  3.0
Air Magic      | 1 2 |  2.0
Poison Magic   | 4 |  4.0
Conjurations   | 1 |  1.1
Dodging        | |  2.0
Spellcasting   | |  2.8
Transmutations | |  1.0

Action                     |  1- 3 |  4- 6 || total
---------------------------+-------+-------++-------
  Melee: Short sword       |    52 |    11 ||    63
         Unarmed           |     5 |       ||     5
         Constrict         |    14 |     3 ||    17
         Tentacles         |    11 |     2 ||    13
  Throw: Stone             |     1 |       ||     1
   Cast: Sting             |    28 |     2 ||    30
         Poisonous Vapours |    26 |     8 ||    34
         Mephitic Cloud    |       |     1 ||     1
   Stab: Confused          |       |     1 ||     1
 Armour: Skin              |     8 |     1 ||     9
  Dodge: Dodged            |    47 |     6 ||    53

Table legend: (Time is in decaauts)
 A = Elapsed time spent in this place.
 B = Non-inter-level travel time spent in this place.
 C = Inter-level travel time spent in this place.
 D = Time resting spent in this place.
 E = Time spent auto-exploring this place.
 F = Levels seen in this place.
 G = Mean time per level.
                   A        B        C        D        E       F      G
               +--------+--------+--------+--------+--------+-----+--------+
         Total |   2073 |   2073 |      0 |    190 |   1506 |   2 | 1036.5 |
       Dungeon |   2073 |   2073 |      0 |    190 |   1506 |   2 | 1036.5 |
               +--------+--------+--------+--------+--------+-----+--------+

Top non-repeatable levels by time:
     D:2: 1235 daAuts
     D:1: 838 daAuts
